 Dungeon Crawl Stone Soup version 0.28-a0-883-gc8d7bad45d (webtiles) character file.

Game seed: 1690467392086275588

329 croobank the Scratcher (level 6, -4/26 HPs)
             Began as a Felid Transmuter on Nov 21, 2021.
             Slain by an orc (6 damage)
             ... on level 3 of the Dungeon.
             The game lasted 00:17:02 (3819 turns).

croobank the Scratcher (Felid Transmuter)           Turns: 3819, Time: 00:17:03

Health: -4/26      AC:  2    Str:  8    XL:     6   Next: 25%
Magic:  11/11      EV: 18    Int: 12    God:
Gold:   55         SH:  0    Dex: 17    Spells: 8/11 levels left
                                        Lives:  0   Deaths: 1

rFire   . . .      SeeInvis +     - Unarmed
rCold   . . .      Faith    .   (shield unavailable)
rNeg    . . .      Spirit   .   (armour unavailable)
rPois   .          Reflect  .   (helmet unavailable)
rElec   .          Harm     .   (cloak unavailable)
rCorr   .          Rampage  .   (gloves unavailable)
Will    .....                   (boots unavailable)
Stlth   ++........              (no amulet)
HPRegen 0.08/turn               (no ring)
MPRegen 0.12/turn               (no ring)

@: appendages (expiring), quick
A: horns 2, very small, claws 1, fangs 3, see invisible, speed 1, shaggy fur 2,
stealthy paws, no weapons or thrown items, no armour, multi-lived, dopey 1,
MP-powered wands
a: End Transformation


You were on level 3 of the Dungeon.
You had temporarily grown beastly horns.
You visited 1 branch of the dungeon, and saw 3 of its levels.

You collected 104 gold pieces.
You spent 49 gold pieces at shops.

Inventory:

Missiles
 e - 42 stones
Wands
 b - a wand of acid (5)
Scrolls
 a - a scroll of teleportation
 d - 2 scrolls of magic mapping
 f - a scroll of fear
 g - a scroll of blinking {unknown}
 h - a scroll of enchant weapon {unknown}
Potions
 c - 2 potions of curing


   Skills:
 + Level 1.9 Fighting
 + Level 3.8 Dodging
 + Level 2.6 Stealth
 + Level 5.5 Unarmed Combat
 + Level 3.0 Spellcasting
 - Level 3.2 Transmutations
 * Level 1.3 Poison Magic


You had 8 spell levels left.
You knew the following spells:

 Your Spells              Type           Power      Damage    Failure   Level
a - Beastly Appendage     Tmut           18%        N/A       6%          1
b - Wereblood             Tmut           9%         N/A       10%         2

Your spell library contained the following spells:

 Spells                   Type           Power      Damage    Failure   Level
 Animate Skeleton         Necr           2%         N/A       24%         1
 Apportation              Tloc           2%         N/A       24%         1
 Summon Small Mammal      Summ           4%         N/A       24%         1
 Spider Form              Tmut/Pois      7%         N/A       28%         3
 Ice Form                 Ice/Tmut       5%         N/A       77%         4


Dungeon Overview and Level Annotations

Branches:
Dungeon (3/15)

Altars:

Shops:
D:3 *


Innate Abilities, Weirdness & Mutations

You have temporarily grown beastly horns.
You have sharp claws.
You have razor-sharp teeth.
You have supernaturally acute eyesight. (SInv)
You cover ground quickly. (Speed+)
You are covered in thick fur. (AC +2)
Your paws help you pounce on unaware monsters.
You are incapable of wielding weapons or throwing items.
You cannot wear armour.
You gain extra lives every three experience levels.
You are dopey. (Int -2)
You expend magic power (3 MP) to strengthen your wands.


Message History

You now have 55 gold pieces (gained 6).
An orc comes into view. It is wielding a +0 whip.
Casting: Wereblood (safe; 10% risk of failure)
Confirm with . or Enter, or press ? or * to list all spells.
You grow a pair of large bovine horns.
An orc and an orc wizard come into view.
You pounce on the unaware helpless orc!
You claw the orc!
You kill the orc!
An orc comes into view. It is wielding a +0 trident.
The orc barely misses you.
You see here a +0 whip.
You scratch the orc but do no damage.
Your transformation is almost over.
The orc shouts!
The orc closely misses you. The orc hits you with a +0 falchion.
The orc wizard shouts!
You hear a shout!
You closely miss the orc.
You hear a shout! x3
The orc hits you from afar with a +0 trident.
The orc closely misses you.
You closely miss the orc. You scratch the orc. Your headbutt misses the orc.
Your claw misses the orc.
The orc is lightly wounded.
The orc closely misses you. The orc completely misses you.
You scratch the orc.
The orc is heavily wounded.
The orc misses you. The orc hits you with a +0 falchion!
You scratch the orc.
You kill the orc!
The orc completely misses you.
You scratch the orc wizard. You headbutt the orc wizard!
The orc wizard is almost dead.
The orc hits you from afar with a +0 trident!
* * * LOW HITPOINT WARNING * * *
The orc wizard casts a spell at you.
You easily resist.
You completely miss the orc wizard. You headbutt the orc wizard.
You kill the orc wizard!
The orc hits you from afar with a +0 trident.
You die...

.# #.... #### .# #..##
..# .# #.... # #.# ###.#
##...
##..####.###...######...
....$..................
. ....##.###...########.
#...#o##.# ##.## #..
#....)@.# #.# #..
####.#######.#### #.. #
#.......# #.. #.##.##.#
#.. ##.##.##.# #..
#........#####..
#..#.##.....<...
......^...........
###.##.##.........


You could see an orc.

Vanquished Creatures
  Sigmund (D:2)
  A bullfrog (D:3)
  An orc wizard (D:3)
  4 adders
  10 gnolls
  3 dart slugs
  2 orcs (D:3)
  5 endoplasms
  14 giant cockroaches
  3 goblins
  6 hobgoblins
  8 jackals
  5 kobolds
  2 quokkas
  5 ball pythons
  6 bats
  5 frilled lizards
  4 rats
85 creatures vanquished.

Notes
Turn   | Place    | Note
-------+----------+-------------------------------------------
     0 | D:1      | croobank the Felid Transmuter began the quest for the Orb.
     0 | D:1      | Reached XP level 1. HP: 9/9 MP: 4/4
   366 | D:1      | Reached XP level 2. HP: 5/12 MP: 4/6
  1164 | D:1      | Reached XP level 3. HP: 15/15 MP: 5/7
  1168 | D:1      | Reached skill level 4 in Unarmed Combat
  1515 | D:2      | Noticed Sigmund
  1520 | D:2      | Learned a level 2 spell: Wereblood
  1528 | D:2      | Killed Sigmund
  1529 | D:2      | Reached XP level 4. HP: 19/19 MP: 4/9
  1529 | D:2      | Reached XP level 5. HP: 22/22 MP: 4/10
  2078 | D:2      | Slain by a gnoll
  2079 | D:2      | Reached XP level 4. HP: -2/19 MP: 8/9
  2386 | D:2      | Reached skill level 5 in Unarmed Combat
  2386 | D:2      | Reached XP level 5. HP: 16/22 MP: 7/10
  3205 | D:3      | Found Zeqeis's General Store.
  3215 | D:3      | Bought a scroll of fear for 49 gold pieces
  3235 | D:3      | Gained mutation: You are dopey. (Int -2) [potion of
                  | mutation]
  3235 | D:3      | Gained mutation: You expend magic power (3 MP) to
                  | strengthen your wands. [potion of mutation]
  3359 | D:3      | Reached skill level 1 in Poison Magic
  3543 | D:3      | Found a faded altar of an unknown god.
  3732 | D:3      | Gained mutation: You are covered in thick fur. (AC +2)
                  | [Felid growth]
  3732 | D:3      | Reached XP level 6. HP: 22/26 MP: 7/11
  3819 | D:3      | Slain by an orc

Illustrated notes

Levels and vault maps discovered:
D:1:      dpeg_arrival_round_a, layout_basic
D:2:      minmay_roachtagon, layout_loops_ring, uniq_sigmund
D:3:      layout_loops_cross, shapermc_ecumenical_altar_notcrosses,
          serial_shops, shop, corexii_leaking_fountain, uniq_natasha

Skill      XL: |  1  2  3  4  5 |
---------------+----------------+-----
Unarmed Combat | 4 5 |  5.5
Dodging        | 3 |  3.8
Stealth        | 2 |  2.6
Transmutations | 3 |  3.2
Poison Magic   | 1 |  1.3
Spellcasting   | 3 |  3.0
Fighting       | |  1.9

Action                   |  1- 3 |  4- 6 || total
-------------------------+-------+-------++-------
Melee: Unarmed           |    58 |   160 ||   218
       Bite              |     6 |    14 ||    20
       Headbutt          |     9 |    18 ||    27
       Punch             |     1 |     3 ||     4
 Cast: Beastly Appendage |    12 |    19 ||    31
       Wereblood         |     1 |    10 ||    11
  Use: Scroll            |     1 |     5 ||     6
       Potion            |       |     2 ||     2
 Stab: Sleeping          |     1 |     1 ||     2
Armor: Skin              |     5 |     8 ||    13
Dodge: Dodged            |    50 |   130 ||   180

Table legend: (Time is in decaauts)
 A = Elapsed time spent in this place.
 B = Non-inter-level travel time spent in this place.
 C = Inter-level travel time spent in this place.
 D = Time resting spent in this place.
 E = Time spent auto-exploring this place.
 F = Levels seen in this place.
 G = Mean time per level.
                   A        B        C        D        E       F      G
               +--------+--------+--------+--------+--------+-----+--------+
         Total |   3475 |   3383 |     92 |    990 |   1766 |   3 | 1158.3 |
       Dungeon |   3475 |   3383 |     92 |    990 |   1766 |   3 | 1158.3 |
               +--------+--------+--------+--------+--------+-----+--------+

Top non-repeatable levels by time:
     D:1: 1483 daAuts
     D:2: 1447 daAuts
     D:3: 545 daAuts
